 Dungeon Crawl Stone Soup version 0.24.0-1-gfbc8707122 (webtiles) character file.

Game seed: 10872760215755782114, levelgen mode: deterministic

318 Descartes the Skirmisher (level 6, -4/49 HPs)
             Began as a Formicid Abyssal Knight on Oct 28, 2019.
             Was an Elder of Lugonu.
             Slain by a mummy (11 damage)
             ... in an ossuary.
             The game lasted 00:11:26 (4309 turns).

Descartes the Skirmisher (Formicid Abyssal Knight)  Turns: 4309, Time: 00:11:28

Health: -4/49      AC:  9    Str: 17    XL:     6   Next: 74%
Magic:  9/9        EV: 11    Int: 13    God:    Lugonu [****..]
Gold:   227        SH:  4    Dex: 10    Spells: 5/5 levels left

rFire    . . .     SeeInvis +   f - +0 flail (drain)
rCold    + . .     Gourm    .   i - +0 buckler
rNeg     . . .     Faith    .   k - +3 leather armour
rPois    .         Spirit   .   (helmet unavailable)
rElec    .         Reflect  .   (no cloak)
rCorr    .         Harm     .   (no gloves)
MR       .....                  e - +2 pair of boots
Stlth    +.........             p - amulet of the acrobat
HPRegen  0.16/turn              A - ring of protection from cold
MPRegen  0.11/turn              (no ring)

@: no status effects
A: permanent stasis, dig shafts and tunnels, four strong arms, antennae 3
a: Dig, Shaft Self, Depart the Abyss, Bend Space, Banish, Corrupt, Renounce
Religion


You were in an ossuary.
You worshipped Lugonu.
Lugonu was greatly pleased with you.
You were not hungry.

You visited 1 branch of the dungeon, and saw 5 of its levels.
You visited the Abyss 1 time.
You also visited: Ossuary.

You collected 227 gold pieces.

Inventory:

Hand Weapons
 a - a +1 hand axe
 f - a +0 flail of draining (weapon)
Missiles
 b - 6 poisoned darts
 j - 110 stones (quivered)
 l - 44 arrows
 v - 11 sling bullets
 B - 5 boomerangs
Armour
 e - a +2 pair of boots (worn)
 i - a +0 buckler (worn)
 k - a +3 leather armour (worn)
 D - a +0 chain mail
Magical Staves
 F - an uncursed staff of air {unknown}
Jewellery
 p - an amulet of the acrobat (around neck)
 u - an uncursed ring of ice
 A - a ring of protection from cold (left hand)
Scrolls
 g - a scroll of magic mapping {unknown}
 m - 3 scrolls of amnesia
 o - 2 scrolls of teleportation {unknown}
 r - 2 scrolls of random uselessness {unknown}
 t - a scroll of fear {unknown}
 w - a scroll of immolation {unknown}
 x - 3 scrolls of remove curse
 y - a scroll of fog {unknown}
 G - 2 scrolls of identify
Potions
 d - a potion of ambrosia
 h - 5 potions of curing
 n - a potion of haste {unknown}
 q - a potion of flight {unknown}
 s - 2 potions of lignification
 z - a potion of brilliance
 E - a potion of invisibility {unknown}
Comestibles
 c - 9 rations


   Skills:
 + Level 4.4 Fighting
 - Level 2.0(2.6) Axes
 + Level 2.7(3.0) Maces & Flails
 + Level 3.7 Armour
 - Level 1.2 Dodging
 - Level 2.4 Shields
 + Level 4.1 Invocations


You had 5 spell levels left.
You didn't know any spells.
Your spell library was empty.

Dungeon Overview and Level Annotations

Branches:
Dungeon (5/15)            Ossuary (1/1)
 Temple: D:4-7

Altars:
Nemelex Xobeh
Ru

Annotations:
D:2 2 transporters Ossuary Menkaure


Innate Abilities, Weirdness & Mutations

You cannot be hasted, slowed, berserked, paralysed or teleported.
You can dig through walls and to a lower floor.
Your four strong arms can wield two-handed weapons with a shield.
You have a pair of large antennae on your head. (SInv)


Message History

Menkaure points at you and mumbles some strange words.
Pain shoots through your body! The mummy hits you!
You hit Menkaure.
Menkaure is heavily damaged.
Menkaure points at you and mumbles some strange words.
Pain shoots through your body!
You hit Menkaure.
Menkaure is severely damaged.
You block the mummy's attack.
Menkaure calls on the powers of darkness!
Your body is wracked with pain!
* * * LOW HITPOINT WARNING * * *
You hit Menkaure.
Menkaure is severely damaged.
Menkaure giggles, "These cerements are ticklish..."
Menkaure calls on the powers of darkness!
Your body is wracked with pain!
* * * LOW HITPOINT WARNING * * *
The mummy hits you!
You die...

##..##..## ##.^####..##
##..######..## ##..##....##..##
##..##..##.^##..##
##..##..####..##.^##
##..##..######..##..##
##..##..##.MMM##.^##..##
##..##..##..##@.##..##.^##
##..##..##M.####..##.^##^^##
##^.##..##..##?.##..##..##..##
#..##..##.M##.?Z.##.^##..##..##
..##..##..## .!M..##..##^.##..##
.##..##^.## ?∩∩!.Z##^.##..##..##
##..##..## .M..^.^##..##..##..#
#..##.M## M!!^.^..##..##..##.^
..##..##############Z'##..##..##.


You could see Menkaure and 2 mummies.

Vanquished Creatures
  2 scorpions
  2 worker ants
  2 mummies
  An adder (D:2)
  4 worms
  A dart slug (D:3)
  5 leopard geckos
  11 orcs (D:3)
  2 ball pythons
  3 giant cockroaches
  6 goblins
  7 hobgoblins
  8 jackals (D:1)
  A quokka (D:2)
  10 bats
  6 frilled lizards
  A gnoll skeleton (Ossuary)
  4 gnoll zombies (Ossuary)
  3 goblin zombies (Ossuary)
  3 hobgoblin skeletons (Ossuary)
  5 hobgoblin zombies
  5 kobolds
  4 kobold skeletons (Ossuary)
  5 kobold zombies (Ossuary)
  7 orc skeletons (Ossuary)
  6 orc zombies (Ossuary)
  11 rats
  7 rat skeletons (Ossuary)
  3 rat zombies (Ossuary)
135 creatures vanquished.

Vanquished Creatures (others)
  2 goblin skeletons (Ossuary)
  An orc skeleton (Ossuary)
  4 toadstools (D:1)
7 creatures vanquished.

Grand Total: 142 creatures vanquished

Notes
Turn   | Place    | Note
-------+----------+-------------------------------------------
     0 | Abyss:1  | Descartes the Formicid Abyssal Knight began the quest for
                  | the Orb.
     0 | Abyss:1  | Reached XP level 1. HP: 18/18 MP: 2/2
    46 | Abyss:2  | Noticed an ancient zyme
    84 | D:1      | Escaped the Abyss
   295 | D:1      | Reached skill level 1 in Dodging
   302 | D:1      | Reached XP level 2. HP: 7/24 MP: 3/3
   599 | D:1      | Reached * piety under Lugonu
   929 | D:1      | Reached XP level 3. HP: 29/29 MP: 4/4
  1388 | D:2      | Reached skill level 1 in Maces & Flails
  1393 | D:2      | Reached skill level 1 in Shields
  1749 | D:2      | Reached XP level 4. HP: 34/36 MP: 6/6
  1821 | D:2      | Found a transporter.
  1821 | D:2      | Found a transporter.
  1821 | D:2      | Noticed a hungry ghost
  1823 | D:2      | Found a sacrificial altar of Ru.
  2357 | D:3      | Reached ** piety under Lugonu
  2636 | D:3      | Reached XP level 5. HP: 33/42 MP: 7/7
  3231 | D:4      | Found a sparkling altar of Nemelex Xobeh.
  3235 | D:4      | Reached XP level 6. HP: 48/48 MP: 8/8
  3368 | D:4      | You fall into a shaft and drop 1 floor!
  3368 | D:5      | Entered Level 5 of the Dungeon
  3448 | D:5      | Found a sand-covered staircase.
  3463 | Ossuary  | Entered an ossuary
  3680 | Ossuary  | Reached *** piety under Lugonu
  4213 | Ossuary  | Reached **** piety under Lugonu
  4221 | Ossuary  | Noticed Menkaure
  4309 | Ossuary  | Slain by a mummy

Levels and vault maps discovered:
D:1:      ldierk_walled_garden_2, layout_basic, minivault_27
D:2:      layout_basic, gammafunk_temple_overflow_arena,
          chequers_serial_rivers_micro_d
D:3:      layout_basic
D:4:      layout_basic, lemuel_round_altar, lemuel_doored_altar, first_ration,
          abandoned_shop, uniq_eustachio
D:5:      layout_cave_pods, nicolae_qazlal_general_emergency,
          doesnt_xom_only_xom, nicolae_ossuary_entry_giza, serial_shops, shop,
          nicolae_ru_the_path_less_chosen
Ossuary:  ossuary_due_pyramid

Skill      XL: |  1  2  3  4  5  6 |
---------------+-------------------+-----
Dodging        | 1 |  1.2
Maces & Flails | 1 2 |  2.7
Shields        | 1 2 |  2.4
Invocations    | 3 4 |  4.1
Armour         | 3 |  3.7
Fighting       | 4 |  4.4
Axes           | |  2.0

Action                   |  1- 3 |  4- 6 || total
-------------------------+-------+-------++-------
Melee: Flail             |   102 |   326 ||   428
Invok: Depart the Abyss  |     1 |       ||     1
 Abil: Dig               |     2 |     1 ||     3
  Use: Scroll            |     1 |     6 ||     7
       Potion            |       |     1 ||     1
  Eat: Chunk             |     3 |     6 ||     9
       Ration            |       |     1 ||     1
Armor: Leather armour    |    40 |    99 ||   139
Dodge: Dodged            |    79 |   167 ||   246
Block: Buckler           |    13 |    49 ||    62
